 Dungeon Crawl Stone Soup version 0.31-a0-963-ga325b2283a (webtiles) character file.

Game seed: 15649040031793065132

64 Arcadio the Grave Robber (level 4, -10/33 HPs)
             Began as a Ghoul Necromancer on Oct 24, 2023.
             Killed by divine providence
             ... invoked by an orc priest
              (12 damage)
             ... on level 2 of the Dungeon.
             The game lasted 00:04:23 (1956 turns).

Arcadio the Grave Robber (Ghoul Necromancer)        Turns: 1956, Time: 00:04:24

Health: -10/33     AC:  5    Str: 11    XL:     4   Next: 12%
Magic:  0/6        EV: 12    Int: 12    God:
Gold:   118        SH:  0    Dex:  9    Spells: 4/8 levels left

rFire   . . .        (no weapon)
rCold   + . .        (no shield)
rNeg    + + +        a - +0 robe
rPois   ∞            h - +1 hat
rElec   .            (no cloak)
rCorr   .            c - +0 pair of gloves
SInv    .            e - +0 pair of boots
Will    .....        (no amulet)
Stlth   ++           (no ring)
HPRegen 0.00/turn    (no ring)
MPRegen 0.10/turn

%: no passive effects
@: inhibited regen
A: claws 1, cold resistance 1, negative energy resistance 3, inhibited
regeneration, torment resistance 2, devour on kill
a: no special abilities


You were on level 2 of the Dungeon.
You visited 1 branch of the dungeon, and saw 3 of its levels.

You collected 118 gold pieces.

Inventory:

Armour
 a - a +0 robe (worn)
 c - a +0 pair of gloves (worn)
 e - a +0 pair of boots (worn)
 h - a +1 hat (worn)
Jewellery
 g - an amulet of reflection
Scrolls
 d - a scroll of noise {unknown}
 f - a scroll of vulnerability {unknown}
 i - a scroll of enchant weapon {unknown}
Potions
 b - a potion of magic


   Skills:
 + Level 2.7 Dodging
 - Level 2.1 Stealth
 + Level 2.5 Spellcasting
 + Level 4.5 Necromancy


You had 4 spell levels left.
You knew the following spells:

 Your Spells              Type           Power      Damage    Failure   Level
a - Necrotise             Necr           48%        1d6       4%          1
b - Vampiric Draining     Necr           12%        2d6       12%         3

Your spell library contained the following spells:

 Spells                   Type           Power      Damage    Failure   Level
 Apportation              Tloc           2%         N/A       26%         1
 Jinxbite                 Hex            2%         N/A       36%         2
 Animate Dead             Necr           12%        N/A       38%         4
 Agony                    Necr           12%        N/A       75%         5
 Alistair's Intoxication  Tmut/Pois      0%         N/A       100%        5


Dungeon Overview and Level Annotations

Branches:
Dungeon (3/15) Zot: 16042

Altars:

Shops:
D:2 [


Innate Abilities, Weirdness & Mutations

You are immune to poison.
You have sharp fingernails.
Your flesh is cold resistant. (rC+)
You are immune to negative energy. (rN+++)
You do not regenerate when monsters are visible.
You are immune to unholy pain and torment.
You thrive by killing the living.


Message History

The orc priest is heavily wounded.
The orc priest closely misses you.
You closely miss the orc priest.
The orc priest is heavily wounded.
The orc priest hits you with a +0 club.
* * * LOW HITPOINT WARNING * * *
You hit the orc priest.
The orc priest is severely wounded.
The orc priest barely misses you.
You hit the orc priest but do no damage.
The orc priest is severely wounded.
The orc priest miscasts a cantrip.
Your magical contamination has completely faded away.
You hit the orc priest.
The orc priest is almost dead.
The orc priest hits you with a +0 club.
* * * LOW HITPOINT WARNING * * *
You closely miss the orc priest.
The orc priest is severely wounded.
The orc priest hits you but does no damage.
Casting: Necrotise (safe; 4% risk of failure)
Confirm with . or Enter, or press ? or * to list all spells.
Aiming: Necrotise (safe; 4% risk of failure)
Press: ? - help, Shift-Dir - straight line, f/p - orc priest
Aim: an orc priest, wielding a +0 club and wearing a +0 leather armour (severely wounded, chance to affect: 67%)
The orc priest struggles to resist.
The orc priest closely misses you.
You closely miss the orc priest.
The orc priest is severely wounded.
The orc priest hits you but does no damage.
You closely miss the orc priest.
The orc priest is severely wounded.
The orc priest barely misses you.
You closely miss the orc priest.
The orc priest is severely wounded.
The orc priest hits you with a +0 club.
* * * LOW HITPOINT WARNING * * *
The orc priest looks encouraged for a moment.
The orc priest invokes the aid of Beogh against you.
Beogh smites you!
You die...

......##.....#.##.##...........∩#
##.#####<....#.#..##.##..........
#.# #.......(...........).....
##.## #.........#...##..........
...(# #.............########...#
#...# ######.#.....## #...# ....#
######.#.....# #...# .####
##.....>#####.# #...# .#
#.....#o..@...# #>..#
.######..##.#.#####.# #...#
.........##.........# ########.##
########.####.####### #......#.#.
#.####.# #.####..... #......#
#.####.##.. ######## #.#........
#.#.##)#... #.#.##..#.#


You could see an orc priest.

Vanquished Creatures
  Robin (D:2)
  2 dart slugs (D:1)
  An orc (D:3)
  6 endoplasms
  A giant cockroach (D:1)
  5 goblins
  5 hobgoblins
  3 jackals (D:2)
  4 kobolds
  A quokka (D:1)
  8 ball pythons
  4 bats
  2 rats
43 creatures vanquished.

Vanquished Creatures (collateral kills)
  A quokka (D:2)
1 creature vanquished.

Grand Total: 44 creatures vanquished

Notes
Turn   | Place    | Note
-------+----------+-------------------------------------------
     0 | D:1      | Arcadio the Ghoul Necromancer began the quest for the Orb.
     0 | D:1      | Reached XP level 1. HP: 14/14 MP: 2/2
    19 | D:1      | Noticed a hog
    19 | D:1      | Noticed an iguana
    19 | D:1      | Noticed a black mamba
    20 | D:1      | Noticed a black bear
    20 | D:1      | Noticed a lindwurm
    88 | D:1      | Reached XP level 2. HP: 9/20 MP: 0/4
   543 | D:1      | Reached XP level 3. HP: 26/26 MP: 5/5
  1148 | D:2      | Learned a level 3 spell: Vampiric Draining
  1202 | D:2      | Found Geul's Armour Emporium.
  1334 | D:2      | Found a faded altar of an unknown god.
  1393 | D:2      | Noticed Robin
  1396 | D:2      | Killed Robin
  1637 | D:2      | Reached XP level 4. HP: 24/33 MP: 1/6
  1956 | D:2      | Killed from afar by an orc priest

Illustrated notes

Levels and vault maps discovered:
D:1:      onia_arrival_zoo_common, layout_loops_ring
D:2:      layout_loops_cross, basic_ecumenical_altar, serial_shops, shop,
          due_unseen_surprise, uniq_robin
D:3:      minmay_razor_zed, layout_basic, minivault_4, dk_noncrumbling_4,
          uniq_ijyb, uniq_crazy_yiuf_cottage, uniq_natasha

Skill      XL: |  1 |
---------------+----+-----
Dodging        | 2 |  2.7
Spellcasting   | 2 |  2.5
Stealth        | |  2.1
Necromancy     | |  4.5

Action                     |  1- 3 |  4- 6 || total
---------------------------+-------+-------++-------
  Melee: Unarmed           |    70 |    37 ||   107
   Cast: Necrotise         |    48 |    12 ||    60
         Vampiric Draining |     1 |       ||     1
   Stab: Sleeping          |     2 |       ||     2
 Armour: Robe              |    44 |    30 ||    74
  Dodge: Dodged            |    47 |    36 ||    83

Table legend: (Time is in decaauts)
 A = Elapsed time spent in this place.
 B = Non-inter-level travel time spent in this place.
 C = Inter-level travel time spent in this place.
 D = Time resting spent in this place.
 E = Time spent auto-exploring this place.
 F = Levels seen in this place.
 G = Mean time per level.
                   A        B        C        D        E       F      G
               +--------+--------+--------+--------+--------+-----+--------+
         Total |   1956 |   1894 |     62 |      0 |   1518 |   3 |  652.0 |
       Dungeon |   1956 |   1894 |     62 |      0 |   1518 |   3 |  652.0 |
               +--------+--------+--------+--------+--------+-----+--------+

Top non-repeatable levels by time:
     D:1: 1060 daAuts
     D:2: 877 daAuts
     D:3: 18 daAuts
